 Dungeon Sprint DCSS version 0.19.5 (webtiles) character file.

3 Snowbourne the Sneak (level 1, -14/9 HPs)
             Began as a Spriggan Enchanter on May 12, 2017.
             Demolished by a tyrant leech (15 damage)
             ... in the Dungeon (Sprint II: "The Violet Keep of Menkaure").
             The game lasted 00:00:30 (17 turns).

Snowbourne the Sneak (Spriggan Enchanter)             Turns: 17, Time: 00:00:31

Health: -14/9      AC:  3    Str:  4    XL:     1   Next: 41%
Magic:  5/5        EV: 18    Int: 16    God:
Gold:   0          SH:  0    Dex: 16    Spells: 1 memorised, 4 levels left

rFire  . . .     SeeInvis +     a - +1 dagger
rCold  . . .     Gourm    .     b - +1 robe
rNeg   . . .     Faith    .     (shield restricted)
rPois  .         Spirit   .     (helmet restricted)
rElec  .         Reflect  .     (no cloak)
rCorr  .         Harm     .     (gloves unavailable)
MR     .....     NoTele   +     (boots unavailable)
Stlth  +++.......               (no amulet)
                                (no ring)
                                (no ring)

@: mesmerised, very quick
A: unfitting armour, see invisible, herbivore 3, speed 3, slow metabolism 2
a: no special abilities


You were in the Dungeon.
You were not hungry.

You visited 1 branch

Inventory:

Hand Weapons
 a - a +1 dagger (weapon)
Armour
 b - a +1 robe (worn)
Scrolls
 j - a scroll of blinking
Potions
 e - a potion of curing
 f - a potion of heal wounds
 g - a potion of haste
 h - 2 potions of magic
 i - a potion of berserk rage
Books
 c - a book of Maledictions

   Spells                             Type                      Level
   a - Corona                         Hexes                        1
   b - Ensorcelled Hibernation        Hexes/Ice                    2
   c - Confuse                        Hexes                        3
   d - Tukima's Dance                 Hexes                        3
   e - Dazzling Spray                 Conjuration/Hexes            3
Comestibles
 d - a bread ration


   Skills:
 - Level 1.1 Short Blades
 - Level 3.0 Dodging
 * Level 5.8 Stealth
 - Level 2.6 Spellcasting
 + Level 4.2 Hexes


You had 4 spell levels left.
You knew the following spells:

 Your Spells              Type           Power        Failure   Level  Hunger
a - Corona                Hex            ###....      4%          1    #......


Dungeon Overview and Level Annotations

Branches:
Dungeon (1/1)

Altars:


Innate Abilities, Weirdness & Mutations

You are very small and have problems with some larger weapons.
You are too small for most types of armour.
You have supernaturally acute eyesight. (SInv)
You are a herbivore.
You cover ground extremely quickly.
You need consume almost no food.


Message History

The siren chants its luring song.
The quasit completely misses you. The quasit misses you.
The quasit completely misses you.
You are too mesmerised to rage.
You hit the quasit but do no damage. The quasit bites you.
* * * LOW HITPOINT WARNING * * *
The quasit completely misses you. The quasit closely misses you.
The siren chants its luring song.
You are too mesmerised to rage.
You hit the quasit but do no damage.
The quasit bites you but does no damage.
The quasit completely misses you. The quasit barely misses you.
The siren chants its luring song.
You barely miss the tyrant leech.
The neqoxec gestures.
You completely miss the tyrant leech.
The siren chants its luring song.
The tyrant leech bites you!
Ouch! That really hurt!
You die...

## ## .##
#.##w.# #
#@#w# # ##.
##w# .##
#$..##m##...#
#5.53'.#
#..w##5##...#
##. #3# .## #
.35 # 5.##.
### ##


You could see a tyrant leech, a siren, 3 neqoxecs, a quasit, a white imp and a
shadow imp.

Vanquished Creatures
  A worm (D)
1 creature vanquished.

Vanquished Creatures (others)
  A crocodile (D)
1 creature vanquished.

Grand Total: 2 creatures vanquished

Notes
Turn   | Place    | Note
-------+----------+-------------------------------------------
     0 | D        | Snowbourne the Spriggan Enchanter began the quest for the Orb.
     0 | D        | Reached XP level 1. HP: 9/9 MP: 5/5
     1 | D        | Noticed a siren
     4 | D        | Noticed a neqoxec
     4 | D        | Noticed a neqoxec
     4 | D        | Noticed a neqoxec
     4 | D        | Noticed a neqoxec
     5 | D        | Noticed a quasit
     6 | D        | Noticed a quasit
     6 | D        | Noticed a tyrant leech
     6 | D        | Noticed a tyrant leech
    11 | D        | Reached skill level 5 in Stealth
    13 | D        | Killed a crocodile
    17 | D        | Demolished by a tyrant leech

Skill      XL: |  1 |
---------------+----+-----
Stealth        | 5 |  5.8
Hexes          | 4 |  4.2
Short Blades   | |  1.1
Dodging        | |  3.0
Spellcasting   | |  2.6

Action                   || total
-------------------------++-------
Melee: Dagger            ||     7
 Stab: Sleeping          ||     1
Armor: Robe              ||     9
Dodge: Dodged            ||    10
